 Seeded DCSS version 0.30.0-11-gf55b779eaf (webtiles) character file.

Game seed: 9045609903821045987 (custom seed)

11288 GigaChad the Severer (level 12, -12/94 HPs)
             Began as a Formicid Fighter on May 17, 2023.
             Was an Initiate of Gozag.
             Mangled by a komodo dragon (22 damage)
             ... on level 2 of the Lair of Beasts.
             The game lasted 00:13:01 (9989 turns).

GigaChad the Severer (Formicid Fighter)             Turns: 9989, Time: 00:13:01

Health: -12/94     AC: 18    Str: 26    XL:     12   Next: 5%
Magic:  12/12      EV:  7    Int:  8    God:    Gozag
Gold:   1349       SH:  6    Dex: 16    Spells: 11/11 levels left

rFire   + + .        D - +5 Lochaber axe {reach-cleave, Poleaxe Drain}
rCold   + . .        c - +0 buckler
rNeg    . . .        s - +0 plate armour
rPois   .            (helmet unavailable)
rElec   +            h - scarf {rC+ rF+}
rCorr   .            (no gloves)
SInv    +            (no boots)
Will    ++...        (no amulet) Stlth
                     i - +4 ring of protection
HPRegen 0.35/turn    B - ring "Ehogobo" {Contam rElec rF+ Will+ Dex+3}
MPRegen 0.13/turn

%: no passive effects
@: gold aura
A: permanent stasis, dig shafts and tunnels, antennae 3, four strong arms
a: Dig, Shaft Self, Renounce Religion, Potion Petition, Call Merchant, Bribe
Branch


You were on level 2 of the Lair of Beasts.
You worshipped Gozag.
Gozag was most pleased with you.
You visited 3 branches of the dungeon, and saw 12 of its levels.
You also visited: Sewer.

You collected 1899 gold pieces.
You spent 460 gold pieces at shops.
You paid 90 gold pieces to Gozag.

Inventory:

Hand Weapons
 a - a +5 war axe of freezing
 D - the +5 Lochaber axe (weapon) {reach-cleave, Poleaxe Drain}
   (You bought it in a shop on level 3 of the Dungeon)

   Poleaxe:   It uses either Axes or Polearms skill, whichever is higher.
   Drain:     It drains your maximum health when unequipped.
Missiles
 E - a throwing net
Armour
 b - a +0 scale mail
 c - a +0 buckler (worn)
 g - a +0 chain mail
 h - a scarf of resistance (worn)
 s - a +0 plate armour (worn)
 y - a +1 cloak
Jewellery
 i - a +4 ring of protection (left hand)
 n - a ring of wizardry
 p - a +4 ring of protection
 t - an amulet of faith
 w - a ring of protection from cold
 B - the ring "Ehogobo" (right hand) {Contam rElec rF+ Will+ Dex+3}
   (You acquired it on level 7 of the Dungeon)

   [ring of protection from fire]

   Dex:       It affects your dexterity (+3).
   rF:        It protects you from fire.
   rElec:     It insulates you from electricity.
   Contam:    It causes magical contamination when unequipped.
   Will:      It increases your willpower.
 K - an amulet of guardian spirit
Wands
 A - a wand of flame (30)
 F - a wand of roots (6)
 L - a wand of light (4)
Scrolls
 m - a scroll of teleportation
 u - 2 scrolls of amnesia
 I - a scroll of fog
 M - a scroll of immolation
 N - a scroll of vulnerability
Potions
 d - 3 potions of might
 e - a potion of cancellation {unknown}
 f - 4 potions of curing
 j - 2 potions of heal wounds
 k - 3 potions of mutation
 l - 3 potions of flight {unknown}
 o - 2 potions of ambrosia {unknown}
 r - 4 potions of haste
 v - 2 potions of brilliance {unknown}
 x - a potion of invisibility {unknown}
 z - 2 potions of lignification {unknown}
 C - 2 potions of attraction {unknown}
 G - a potion of magic {unknown}


   Skills:
 * Level 8.9 Fighting
 * Level 16.7 Axes
 * Level 8.8 Armour
 * Level 9.1 Shields


You had 11 spell levels left.
You didn't know any spells.
Your spell library contained the following spells:

 Spells                   Type           Power      Damage    Failure   Level
 Sting                    Tmut/Pois      0%         1d3       99%         1
 Lesser Beckoning         Tloc           0%         N/A       100%        2
 Momentum Strike          Conj/Tloc      0%         3d8       100%        2
 Poisonous Vapours        Pois/Air       0%         N/A       100%        2
 Gell's Gravitas          Tloc           0%         N/A       100%        3
 Inner Flame              Hex/Fire       0%         N/A       100%        3
 Summon Guardian Golem    Hex/Summ       0%         N/A       100%        3
 Teleport Other           Tloc           0%         N/A       100%        3
 Flame Wave               Conj/Fire      0%         2d4       100%        4
 Olgreb's Toxic Radiance  Pois           0%         N/A       100%        4
 Sticky Flame             Conj/Fire      0%         2d3       100%        4
 Arcjolt                  Conj/Air       0%         1d10      100%        5
 Conjure Ball Lightning   Conj/Air       0%         3x3d6     100%        6
 Plasma Beam              Fire/Air       0%         2x1d11    100%        6
 Orb of Destruction       Conj           0%         9d5       100%        7
 Spellforged Servitor     Conj/Summ      0%         N/A       100%        7
 Discord                  Hex            0%         N/A       100%        8
 Disjunction              Tloc           0%         N/A       100%        8
 Blink                    Tloc           Unusable   N/A       N/A         2
 Vhi's Electric Charge    Tloc/Air       Unusable   N/A       N/A         3

Dungeon Overview and Level Annotations

Branches:
Dungeon (9/15)             Temple (1/1) D:5            Lair (2/5) D:9
  Sewer (visited)
  Swamp: Lair:2-3    Shoals: Lair:2-3     Snake: Lair:2-3    Spider: Lair:2-3
    Orc: D:9-12

Altars:
Cheibriados
Dithmenos
Elyvilon
Gozag
Hepliaklqana
Nemelex Xobeh
Okawaru
Qazlal
Ru
Uskayaw
Vehumet
Wu Jian
Xom
Yredelemnul
The Shining One

Shops:
D:3 (   D:5 (   D:6 *   D:7 :   D:9 :

Annotations:
D:8 1 runed translucent door, GigaChad's ghost, novice FoFi
Lair:2 Gastronok


Innate Abilities, Weirdness & Mutations

You cannot be hasted, slowed, berserked, paralysed or teleported.
You can dig through walls and to a lower floor.
You have a pair of large antennae on your head. (SInv)
Your four strong arms can wield two-handed weapons with a shield.


Message History

* * * LOW HITPOINT WARNING * * *
The 11-headed hydra bites you but does no damage. x2
You block the 11-headed hydra's attack.
The 11-headed hydra bites you but does no damage. x2
You are too injured to fight recklessly!
Unknown command.
You are too injured to fight recklessly!
Unknown command.
You are too injured to fight recklessly!
Unknown command.
You are too injured to fight recklessly!
Unknown command.
You are too injured to fight recklessly!
The lava snake hisses angrily.
You slice one of the 11-headed hydra's heads off!
The ten-headed hydra grows two more!
You slice the 12-headed hydra!!
The 12-headed hydra is severely wounded.
You hit the komodo dragon but do no damage.
The komodo dragon bites you but does no damage.
You block the 12-headed hydra's attack. The 12-headed hydra bites you.
* * * LOW HITPOINT WARNING * * *
You block the 12-headed hydra's attack. The 12-headed hydra bites you.
* * * LOW HITPOINT WARNING * * *
The 12-headed hydra bites you.
* * * LOW HITPOINT WARNING * * *
You block the 12-headed hydra's attack.
The 12-headed hydra bites you but does no damage. x4
You block the 12-headed hydra's attack. The 12-headed hydra closely misses you.
You lop one of the 12-headed hydra's heads off!
The 11-headed hydra grows two more!
You cut the 13-headed hydra into ribbons!!!
You kill the 13-headed hydra!
You barely miss the komodo dragon.
The lava snake is no longer distracted by gold.
The lava snake spits lava at you. The glob of lava hits you!
You partially resist.
* * * LOW HITPOINT WARNING * * *
The komodo dragon bites you!!
You die...
Your body crumbles into a pile of gold.

.............P
............!.#.
#..?............
#...............
..).............
..§≈§§..........
$
.§§≈§..$...w...
#S..@l......
#§§.........
..≈§§§§.........
#.≈≈§≈..........
P§..............
#..............?
###.####..######
## .##. ##


You could see Gastronok, a komodo dragon and a lava snake (catching breath).

Vanquished Creatures
  A hydra (Lair:2)
  A two-headed ogre (D:8)
  Maurice (D:9)
  5 elephants (Lair:1)
  A cane toad (Lair:1)
  A komodo dragon (Lair:1)
  2 kobold demonologists (D:9)
  A troll (D:9)
  Grinder (D:5)
  A hornet (D:7)
  3 blink frogs (Lair:1)
  A wyvern (D:8)
  9 yaks (Lair:1)
  A fire elemental (Lair:2)
  Edmund (D:5)
  5 water moccasins
  2 acid dragons
  An ice beast (D:5)
  2 orc warriors (D:9)
  A sky beast (D:4)
  A black bear (D:5)
  2 ogres (D:5)
  4 centaurs
  9 kobold brigands
  2 scorpions (D:5)
  5 bullfrogs
  2 gnoll sergeants
  17 wights
  A killer bee (D:9)
  A howler monkey (D:7)
  2 electric eels (D:9)
  2 jellies
  3 hounds
  2 orc priests
  Crazy Yiuf (D:6)
  4 iguanas
  6 orc wizards
  13 gnolls
  2 river rats
  6 adders
  A white imp (D:5)
  2 ufetubi (D:6)
  5 worms
  4 dart slugs
  31 orcs
  12 endoplasms
  4 giant cockroaches
  5 hobgoblins
  A jackal (D:3)
  4 quokkas
  11 ball pythons
  3 bats (D:3)
  5 frilled lizards
  A goblin (D:3)
  35 kobolds
  11 rats
261 creatures vanquished.

Notes
Turn   | Place    | Note
-------+----------+-------------------------------------------
     0 | D:1      | GigaChad the Formicid Fighter began the quest for the Orb.
     0 | D:1      | Reached XP level 1. HP: 18/18 MP: 1/1
   182 | D:1      | Reached XP level 2. HP: 22/24 MP: 2/2
   438 | D:1      | Reached XP level 3. HP: 30/30 MP: 3/3
   683 | D:2      | You fall into a shaft and drop 1 floor!
   775 | D:3      | Found a shadowy altar of Dithmenos.
   775 | D:3      | Found Pepne's Weapon Shop.
   813 | D:3      | Found a glowing golden altar of the Shining One.
   858 | D:3      | Reached XP level 4. HP: 35/37 MP: 4/4
   944 | D:3      | Found an iron altar of Okawaru.
  1014 | D:3      | Reached skill level 3 in Axes
  1042 | D:3      | Found a radiant altar of Vehumet.
  1208 | D:4      | Reached XP level 5. HP: 38/42 MP: 5/5
  1352 | D:4      | Found a stormy altar of Qazlal.
  1401 | D:4      | Noticed a bullfrog
  1414 | D:4      | Killed a bullfrog
  1415 | D:4      | Reached skill level 4 in Axes
  1592 | D:4      | Noticed a sky beast
  1600 | D:4      | Killed a sky beast
  1601 | D:4      | Reached skill level 5 in Shields
  1601 | D:4      | Reached XP level 6. HP: 49/49 MP: 6/6
  1830 | D:4      | Found a glowing drain.
  1834 | Sewer    | Entered a sewer
  1855 | Sewer    | Reached skill level 5 in Axes
  1893 | Sewer    | Reached XP level 7. HP: 55/55 MP: 7/7
  1987 | Sewer    | Reached skill level 6 in Axes
  2423 | D:5      | Entered Level 5 of the Dungeon
  2447 | D:5      | Reached skill level 7 in Axes
  2541 | D:5      | Reached skill level 5 in Fighting
  2620 | D:5      | Found a staircase to the Ecumenical Temple.
  2635 | D:5      | Reached XP level 8. HP: 57/62 MP: 8/8
  2646 | Temple   | Entered the Ecumenical Temple
  2660 | Temple   | Became a worshipper of Gozag Ym Sagoz the Greedy
  2680 | D:5      | Noticed Grinder
  2692 | D:5      | Reached skill level 5 in Armour
  2693 | D:5      | Killed Grinder
  2694 | D:5      | Reached skill level 8 in Axes
  2788 | D:5      | Reached skill level 9 in Axes
  2953 | D:5      | Found Peluos's Weapon Emporium.
  3100 | D:5      | Found a snail-covered altar of Cheibriados.
  3427 | D:5      | Noticed Edmund
  3432 | D:5      | Killed Edmund
  3433 | D:5      | Reached XP level 9. HP: 57/69 MP: 9/9
  3755 | D:6      | Reached skill level 10 in Axes
  3985 | D:6      | Found Dyinn's Assorted Antiques.
  4046 | D:6      | Found a runed translucent door.
  4046 | D:6      | Found the +6 shillelagh "Devastator" {shatter}
  4047 | D:6      | Noticed Crazy Yiuf
  4054 | D:6      | Killed Crazy Yiuf
  4157 | D:6      | Found a shimmering altar of Xom.
  4310 | D:6      | Found a hazy altar of Hepliaklqana.
  4389 | D:7      | Found a hide-covered altar of Uskayaw.
  4415 | D:7      | Reached skill level 11 in Axes
  4503 | D:7      | Identified a scroll of acquirement
  4503 | D:7      | Acquired the ring "Ehogobo" {Contam rElec rF+ Will+ Dex+3}
  4842 | D:7      | Noticed a hornet
  4855 | D:7      | Killed a hornet
  5147 | D:7      | Found a sparkling altar of Nemelex Xobeh.
  5269 | D:3      | Bought the +5 Lochaber axe {reach-cleave, Poleaxe Drain}
                  | for 460 gold pieces
  5269 | D:3      | Found the +5 Lochaber axe {reach-cleave, Poleaxe Drain}
  5394 | D:7      | Found Guler's Book Shoppe.
  5670 | D:7      | Reached skill level 12 in Axes
  5728 | D:7      | Found a white marble altar of Elyvilon.
  5748 | D:7      | HP: 3/71 [gnoll/+1 halberd of protection[a gnoll sergeant]
                  | (6)]
  5753 | D:7      | You fall into a shaft and drop 1 floor!
  5764 | D:8      | HP: 3/71 [poisoned by a gnoll sergeant]
  6216 | D:7      | Reached XP level 10. HP: 77/77 MP: 10/10
  6406 | D:8      | Noticed a two-headed ogre
  6412 | D:8      | Killed a two-headed ogre
  6413 | D:8      | Reached skill level 13 in Axes
  6478 | D:8      | Found a runed translucent door.
  6478 | D:8      | Noticed GigaChad's ghost (novice FoFi)
  6598 | D:8      | Reached skill level 14 in Axes
  6877 | D:8      | Found a basalt altar of Yredelemnul.
  7349 | D:9      | Noticed a kobold demonologist
  7350 | D:9      | Noticed a kobold demonologist
  7356 | D:9      | Noticed an ice devil
  7359 | D:9      | Killed a kobold demonologist
  7364 | D:9      | Killed a kobold demonologist
  7485 | D:9      | Reached skill level 15 in Axes
  7564 | D:9      | Noticed Maurice
  7577 | D:9      | Killed Maurice
  7578 | D:9      | Reached XP level 11. HP: 31/84 MP: 11/11
  7977 | D:9      | Found a sparkling altar of Nemelex Xobeh.
  7977 | D:9      | Found a hide-covered altar of Uskayaw.
  8047 | D:9      | Found a staircase to the Lair.
  8357 | D:9      | Found Lumieh Jecu's Tremendous Tomes.
  8679 | Lair:1   | Entered Level 1 of the Lair of Beasts
  8755 | Lair:1   | Reached skill level 16 in Axes
  9467 | Lair:1   | Noticed an elephant
  9467 | Lair:1   | Noticed an elephant
  9468 | Lair:1   | Noticed an elephant
  9468 | Lair:1   | Noticed an elephant
  9468 | Lair:1   | Noticed an elephant
  9473 | Lair:1   | Killed an elephant
  9477 | Lair:1   | Killed an elephant
  9477 | Lair:1   | Killed an elephant
  9478 | Lair:1   | Killed an elephant
  9480 | Lair:1   | Killed an elephant
  9481 | Lair:1   | Reached XP level 12. HP: 38/94 MP: 12/12
  9980 | Lair:2   | Noticed a seven-headed hydra
  9982 | Lair:2   | Noticed Gastronok
  9989 | Lair:2   | Killed a 13-headed hydra
  9989 | Lair:2   | Mangled by a komodo dragon

Illustrated notes

Levels and vault maps discovered:
D:1:      eino_arrival_tree_alley, layout_rooms, minmay_misc_feat_tower
D:2:      minmay_general_purpose_star, layout_loops_ring, uniq_robin
D:3:      layout_rooms, mainiacjoe_overflow_alcove_1, grunt_dithmenos_smoke,
          okawaru_gym_becter, lemuel_tele_altar, serial_shops, shop,
          kennysheep_generic_room_10
D:4:      layout_cave_pools, mainiacjoe_overflow_alcove_2,
          gup_sewer_entry_spiral, hangedman_abyss_or_decor_slice,
          minmay_manual_macuahuitl
D:5:      layout_basic, cheibriados_altar_1, minmay_temple_entry_sparse_star,
          serial_shops, shop, uniq_edmund, uniq_grinder
D:6:      cheibrodos_iron_armory, layout_rooms, xom_teletrap_fun,
          nicolae_hepliaklqana_hippocampus, serial_shops, shop,
          uniq_crazy_yiuf_cottage
D:7:      layout_loops_cross, mainiacjoe_overflow_concentric_impassable,
          serial_shops, shop, hangedman_feature_mirror
D:8:      layout_cave_pods, mainiacjoe_overflow_tiny_flanked,
          hellmonk_ghost_happy_afterlife
D:9:      layout_basic, jmf_multi_god_temple, lair_entry_dummy, serial_curves,
          eino_curves_02, eino_curves_01, eino_curves_02,
          nicolae_shop_i_like_big_books, uniq_maurice
Temple:   hellmonk_temple_flake
Lair:1:   layout_cave_pods
Lair:2:   regret_index_tunnel_blossom, layout_gridlike,
          skrybe_swamp_entry_bodies, grunt_megastairs_3, uniq_gastronok

Skill      XL: |  1  2  3  4  5  6  7  8  9 10 11 |
---------------+----------------------------------+-----
Axes           | 3 4 5 7 9 12 15 16 | 16.7
Fighting       | 4 5 6 7 8 |  8.9
Armour         | 4 5 7 8 |  8.8
Shields        | 5 6 7 8 9 |  9.1

Action                     |  1- 3 |  4- 6 |  7- 9 | 10-12 || total
---------------------------+-------+-------+-------+-------++-------
  Melee: War axe           |    89 |   140 |   233 |       ||   462
         Lochaber axe      |       |       |    50 |   198 ||   248
Ability: Dig               |       |       |     2 |       ||     2
         Shaft Self        |       |       |     1 |       ||     1
    Use: Scroll            |     3 |     2 |     5 |     8 ||    18
         Potion            |       |       |     3 |     1 ||     4
   Stab: Distracted        |       |       |     3 |     3 ||     6
 Armour: Chain mail        |    51 |    30 |       |       ||    81
         Scale mail        |     3 |       |       |       ||     3
         Plate armour      |       |    58 |   127 |   118 ||   303
  Dodge: Dodged            |    26 |    56 |    63 |    70 ||   215
  Block: Buckler           |    20 |    35 |    77 |    49 ||   181
